 Dungeon Crawl Stone Soup version 0.14-a0-1653-g0ad7a2c (webtiles) character file.

113 M4edhros the Sneak (level 4, 0/28 HPs)
             Began as an Octopode Artificer on Dec 27, 2013.
             Killed by divine providence
             ... invoked by an orc priest
              (11 damage)
             ... on Level 3 of the Dungeon.
             The game lasted 00:01:03 (980 turns).

M4edhros the Sneak (Octopode Artificer)              Turns: 980, Time: 00:01:03

HP   0/28        AC  1     Str 10      XL: 4   Next: 10%
MP   6/6         EV 12     Int 15      God:
Gold 50          SH  0     Dex 12      Spells:  0 memorised,  3 levels left

rFire  . . .     SeeInvis .     a - +0 short sword
rCold  . . .     Clarity  .     (no shield)
rNeg   . . .     Conserve .     (helmet restricted)
rPois  .         rCorr    .     (no amulet)
rElec  .         rRot     .     (no ring)
SustAb . .       Spirit   .     (no ring)
rMut   .         Warding  .     (no ring)
Saprov . . .     Stasis   .     (no ring)
                                (no ring)
                                (no ring)
                                (no ring)
                                (no ring)

@: slightly resistant to hostile enchantments, very stealthy
A: almost no armour, amphibious, 8 rings, constrict 8, camouflage 1, gelatinous
body 1
a: no special abilities


You were on level 3 of the Dungeon.
You were not hungry.

You visited 1 branch of the dungeon, and saw 3 of its levels.

You collected 50 gold pieces.

Inventory:

Hand weapons
 a - a +0,+0 short sword (weapon)
Magical devices
 b - a wand of flame (15)
 c - a wand of enslavement (14)
 d - a wand of random effects (12)
Comestibles
 f - a bread ration
 g - an apple
 j - a pear
Scrolls
 e - a scroll of enchant armour {unknown}
 i - a scroll of recharging
 k - a scroll of magic mapping {unknown}
 l - a scroll of noise {unknown}
Potions
 h - a potion of poison {unknown}


   Skills:
 - Level 1.0 Fighting
 - Level 1.0 Short Blades
 - Level 2.0 Dodging
 + Level 5.5 Stealth
 - Level 3.2 Evocations


You had 3 spell levels left.
You didn't know any spells.

Dungeon Overview and Level Annotations

Branches:
Dungeon (3/16)

Altars:
Xom


Innate Abilities, Weirdness & Mutations

You cannot wear most types of armour.
You are amphibious.
You can wear up to eight rings at the same time.
You can use your tentacles to constrict many enemies at once.
Your skin changes colour to match your surroundings (Stlth).
Your rubbery body absorbs attacks (AC +1).


Message History

What do you say? t - Shout!
Orders for allies: a - Attack new target. p - Attack previous target. r - Retreat! s - Stop attacking. w - Wait here. f - Follow me.
Anything else - Stay silent.
Gang up on whom?
Press: ? - help, Dir - move target cursor, f - orc, p - orc
Aim: an orc, wielding an orcish hand axe and wearing an orcish scale mail Attack!
The orc barely misses your orc.
Your orc hits the orc with an orcish flail.
Your orc hits the orc with an orcish flail.
The orc hits your orc with an orcish hand axe.
Your orc priest hits the orc with an orcish hand axe.
The orc dies!
You start resting.
The orc priest is no longer charmed.
The orc priest invokes the aid of Beogh against you.
Something smites you!
You die...

###################
#......@oo.)).....#
#.###############.# #.#
############.######
#######.####§≈§≈≈.............
#...........≈###≈......o......
#..........%.'<'.......o......
#.....>.....≈###≈.........$...
#...........≈≈§≈≈##.....#o##..
#.............#####.#...... ..


You could see an orc priest and a friendly orc.

Vanquished Creatures
  2 adders (D:2)
  An ooze (D:2)
  An orc (D:3)
  3 bats
  3 giant cockroaches
  3 goblins
  3 jackals (D:1)
  A ball python (D:2)
  2 giant geckos
  A giant newt (D:1)
  A kobold (D:2)
  10 rats
31 creatures vanquished.

Vanquished Creatures (collateral kills)
  An orc wizard (D:3)
  An orc (D:3)
2 creatures vanquished.

Grand Total: 33 creatures vanquished

Notes
Turn   | Place    | Note
--------------------------------------------------------------
     0 | D:1      | M4edhros, the Octopode Artificer, began the quest for the Orb.
     0 | D:1      | Reached XP level 1. HP: 13/13 MP: 1/1
    77 | D:1      | Reached XP level 2. HP: 15/18 MP: 3/3
   211 | D:2      | Reached skill level 4 in Stealth
   213 | D:2      | Reached XP level 3. HP: 23/23 MP: 4/4
   404 | D:2      | Found a shimmering altar of Xom.
   953 | D:3      | Reached skill level 5 in Stealth
   953 | D:3      | Reached XP level 4. HP: 9/28 MP: 6/6
   980 | D:3      | Killed from afar by an orc priest

Action                   |  1- 3 |  4- 6 || total
-------------------------+-------+-------++-------
Melee: Short sword       |    65 |       ||    65
Evoke: Wand              |     1 |     3 ||     4
  Use: Potion            |     2 |       ||     2
 Stab: Sleeping          |     4 |       ||     4
